 Dungeon Crawl Stone Soup version 0.31-b1-12-gca42e3d1b8 (webtiles) character file.

Game seed: 782161878338885491

16723 hawla the Mimic (level 12, -17/59 HPs)
             Began as a Felid Shapeshifter on Jan 15, 2024.
             Was an Elder of Makhleb.
             Killed from afar by a kobold blastminer (34 damage)
             ... with an iron shot
             ... on level 2 of the Orcish Mines.
             The game lasted 00:30:07 (11547 turns).

hawla the Mimic (Felid Shapeshifter)               Turns: 11547, Time: 00:30:08

Health: -17/59     AC:  3    Str: 20    XL:     12   Next: 12%
Magic:  15/15      EV: 30    Int: 16    God:    Makhleb [****..]
Gold:   429        SH:  0    Dex: 21    Spells: 11/11 levels left
                                        Lives:  0   Deaths: 4

rFire   . .          .
                       - Unarmed
rCold   + . .        (shield unavailable)
rNeg    . . .        (body armour unavailable)
rPois   .            (helmet unavailable)
rElec   .            (cloak unavailable)
rCorr   .            (gloves unavailable)
SInv    +            (boots unavailable)
Will    +....        (no amulet)
Stlth   ++           f - +6 ring of strength
HPRegen 0.29/turn    k - +6 ring of dexterity
MPRegen 0.14/turn

%: no passive effects
@: flux-form, glowing, studying Shapeshifting
A: glow, contaminating, very small, claws 1, fangs 3, see invisible, shaggy fur
3, stealthy paws, no weapons or thrown items, no armour, multi-lived
a: Begin Untransformation, Renounce Religion, Minor Destruction, Lesser Servant
of Makhleb, Major Destruction


You were on level 2 of the Orcish Mines.
You worshipped Makhleb.
Makhleb was greatly pleased with you.
You were something dangerously unstable.
You visited 3 branches of the dungeon, and saw 13 of its levels.
You also visited: Bailey.

You collected 922 gold pieces.
You spent 493 gold pieces at shops.

Inventory:

Jewellery
 f - a +6 ring of strength (left paw)
 k - a +6 ring of dexterity (right paw)
Talismans
 b - a beast talisman
 c - a flux talisman (active)
Wands
 d - a wand of paralysis (5)
 l - a wand of flame (1)
Scrolls
 j - 2 scrolls of noise
 m - 3 scrolls of teleportation
 t - 4 scrolls of poison
 u - a scroll of fear
 w - a scroll of fog
Potions
 a - 3 potions of curing
 e - 2 potions of haste
 g - 5 potions of magic {unknown}
 h - 4 potions of cancellation
 i - a potion of heal wounds
 o - a potion of attraction
 p - a potion of enlightenment
 v - 3 potions of brilliance {unknown}
 x - 2 potions of mutation {unknown}
 z - 2 potions of invisibility {unknown}
 A - 3 potions of might {unknown}
Miscellaneous
 q - a tin of tremorstones (2/2)


   Skills:
 + Level 4.8 Fighting
 + Level 10.2 Dodging
 + Level 4.8 Stealth
 + Level 12.2 Unarmed Combat
 + Level 3.0 Invocations
 + Level 3.8 Evocations
 + Level 12.5 Shapeshifting


You had 11 spell levels left.
You didn't know any spells.
Your spell library was empty.

Dungeon Overview and Level Annotations

Branches:
Dungeon (10/15)            Temple (1/1) D:4             Orc (2/2) D:9
 Bailey (visited)
   Lair: D:8-11         Elf: Orc:2

Altars:
Ashenzari
Cheibriados
Dithmenos
Elyvilon
Fedhas
Gozag
Hepliaklqana
Kikubaaqudgha
Makhleb
Nemelex Xobeh
Okawaru
Qazlal
Ru
Sif Muna
Trog
Uskayaw
Vehumet
Wu Jian
Xom
Yredelemnul
Zin
The Shining One
Lugonu

Shops:
D:6 (   D:8 [?   D:9 [   Orc:1 :(

Annotations:
D:5 3 runed translucent doors, hawla's ghost, novice FeSh; occam's ghost, novice OpSh; rundlesten's ghost, amateur OpHW


Innate Abilities, Weirdness & Mutations

You are something dangerously unstable.
You glow with magical radiation, making you easy to see and hit.
Foes you strike become dangerously contaminated with magical radiation.
You have sharp claws.
You have razor-sharp teeth.
You have supernaturally acute eyesight. (SInv)
Your thick and shaggy fur keeps you warm. (AC +3, rC+)
Your paws help you pounce on unaware monsters.
You are incapable of wielding weapons or throwing items.
You cannot wear armour.
You gain extra lives every three experience levels.


Message History

Ouch! That really hurt!
* * * LOW HITPOINT WARNING * * *
The kobold blastminer is knocked back by the blast.
You climb upwards.
There is a stone staircase leading down here.
You start resting.
HP restored.
Unknown command.
You climb downwards.
The kobold blastminer wields a +0 arbalest.
The kobold blastminer shoots a bolt.
The bolt hits you!!
There is a stone staircase leading up, spattered with blood here.
Found 38 gold pieces.
The kobold blastminer blasts its cannon at you.
The iron shot misses you.
The kobold blastminer is knocked back by the blast.
The kobold blastminer blasts its cannon at you.
The iron shot hits you!!
* * * LOW HITPOINT WARNING * * *
You are too injured to fight recklessly!
Unknown command.
Aiming: Paralyse
Press: ? - help, Shift-Dir - straight line, f - kobold blastminer
Aim: a kobold blastminer, wielding a +0 arbalest (chance to affect: 59%)
The kobold blastminer resists with significant effort.
Unknown command.
Aiming: Paralyse
Press: ? - help, Shift-Dir - straight line, f/p - kobold blastminer
Aim: a kobold blastminer, wielding a +0 arbalest (chance to affect: 59%)
The kobold blastminer resists with significant effort.
The kobold blastminer shoots a bolt.
The bolt completely misses you.
Unknown command.
The kobold blastminer unwields a +0 arbalest.
The kobold blastminer closely misses you.
You scratch the kobold blastminer but do no damage.
The kobold blastminer begins to glow.
The kobold blastminer blasts its cannon at you.
The iron shot hits you!!
Ouch! That really hurt!
You die...

# .# ... #.## ...
###...# ....
####.pK..##. .....
##..#....$...#
.....##............#
#...###....#......
##........###.....
#....<....# .....
#......)....# ....
........#...........
.#......$#......


You could see a kobold blastminer (contam).

Vanquished Creatures
  Harold (Orc:1)
  2 two-headed ogres
  3 skeletal warriors (D:9)
  Pikel (D:5)
  A kobold blastminer (Orc:2)
  Grinder (D:5)
  4 trolls
  7 yaks
  Eustachio (D:5)
  A warg (Orc:1)
  Grum (D:10)
  3 steam dragons
  Menkaure (D:5)
  An acid dragon (D:9)
  A water moccasin (D:7)
  Duvessa (D:4)
  3 ice beasts
  4 sky beasts
  8 orc warriors
  A black bear (D:5)
  An ogre (D:7)
  4 wolves (D:10)
  2 centaurs (D:10)
  2 lemures (D:5)
  A phantom (D:7)
  2 kobold brigands
  3 bullfrogs
  4 scorpions
  4 wights (D:7)
  Dowan (D:4)
  6 killer bees (D:9)
  3 howler monkeys (D:9)
  A jelly (D:4)
  A bombardier beetle (D:3)
  5 gnoll boudas
  6 orc priests
  7 orc wizards
  2 iguanas
  3 sleepcaps
  28 gnolls
  7 adders
  2 river rats (D:6)
  A shadow imp (D:8)
  3 dart slugs
  68 orcs
  7 ball pythons
  4 bats
  4 endoplasms
  3 giant cockroaches
  6 hobgoblins
  3 jackals (D:3)
  16 kobolds
  5 quokkas
  3 frilled lizards
  20 goblins
  6 rats
290 creatures vanquished.

Notes
Turn   | Place    | Note
-------+----------+-------------------------------------------
     0 | D:1      | hawla the Felid Shapeshifter began the quest for the Orb.
     0 | D:1      | Reached XP level 1. HP: 10/10 MP: 2/2
   400 | D:1      | Reached XP level 2. HP: 9/14 MP: 3/3
   764 | D:2      | Found a radiant altar of Vehumet.
  1048 | D:2      | Reached XP level 3. HP: 18/18 MP: 4/4
  1392 | D:3      | Reached skill level 1 in Evocations
  1425 | D:3      | Noticed an ice beast
  1434 | D:3      | Slain by an ice beast
  1434 | D:3      | Lost a life (0 lives remaining)
  1484 | D:3      | Killed an ice beast
  1485 | D:3      | Reached XP level 4. HP: 17/22 MP: 5/5
  1485 | D:3      | Gained a life (1 life remaining)
  1485 | D:3      | Reached XP level 5. HP: 20/25 MP: 6/6
  1583 | D:2      | HP: 1/25 [burnt (4)]
  1584 | D:2      | Incinerated by a bombardier beetle
  1584 | D:2      | Lost a life (0 lives remaining)
  1982 | D:3      | Found a stormy altar of Qazlal.
  2276 | D:3      | Reached skill level 5 in Shapeshifting
  2299 | D:3      | Found a faded altar of an unknown god.
  2536 | D:4      | HP: 1/25 [orc/+0 mace (6)]
  2649 | D:3      | HP: 1/25 [orc wizard/+0 dagger (3)]
  2702 | D:4      | Gained mutation: You are covered in thick fur. (AC +2)
                  | [Felid growth]
  2702 | D:4      | Reached XP level 6. HP: 30/30 MP: 7/7
  2770 | D:4      | Found a white marble altar of Elyvilon.
  2797 | D:4      | Noticed Duvessa
  2797 | D:4      | Noticed Dowan
  2800 | D:4      | Killed Dowan
  2805 | D:4      | Killed Duvessa
  2933 | D:4      | Found a radiant altar of Vehumet.
  3284 | D:4      | Found a staircase to the Ecumenical Temple.
  3299 | Temple   | Entered the Ecumenical Temple
  3536 | D:5      | Entered Level 5 of the Dungeon
  3539 | D:5      | Found a shimmering altar of Xom.
  3539 | D:5      | Found an ancient bone altar of Kikubaaqudgha.
  3540 | D:5      | Found a hide-covered altar of Uskayaw.
  3541 | D:5      | Found a hazy altar of Hepliaklqana.
  3541 | D:5      | Found a snail-covered altar of Cheibriados.
  3541 | D:5      | Found an iron altar of Okawaru.
  3542 | D:5      | Found an ornate altar of the Wu Jian Council.
  3542 | D:5      | Found an opulent altar of Gozag.
  3543 | D:5      | Found a sparkling altar of Nemelex Xobeh.
  3544 | D:5      | Found a bloodstained altar of Trog.
  3544 | D:5      | Found a basalt altar of Yredelemnul.
  3573 | D:5      | Reached XP level 7. HP: 8/33 MP: 8/8
  3573 | D:5      | Gained a life (1 life remaining)
  3848 | D:5      | Noticed Grinder
  3858 | D:5      | Killed Grinder
  4040 | D:5      | Found a runed translucent gate.
  4040 | D:5      | Found a runed translucent gate.
  4042 | D:5      | Found a runed translucent gate.
  4050 | D:5      | Noticed hawla's ghost (novice FeSh)
  4050 | D:5      | Noticed occam's ghost (novice OpSh)
  4050 | D:5      | Noticed rundlesten's ghost (amateur OpHW)
  4131 | D:5      | Reached XP level 8. HP: 37/37 MP: 9/9
  4296 | D:5      | Reached skill level 1 in Stealth
  4306 | D:5      | Noticed Eustachio
  4311 | D:5      | Killed Eustachio
  4312 | D:5      | Reached skill level 5 in Unarmed Combat
  4379 | D:5      | Noticed Pikel
  4387 | D:5      | Killed Pikel
  4569 | D:5      | Noticed Menkaure
  4580 | D:5      | Killed Menkaure
  4763 | D:6      | Found a blossoming altar of Fedhas.
  4810 | D:6      | Reached XP level 9. HP: 41/41 MP: 10/10
  4810 | D:6      | Found Zuxtofug's Weapon Shoppe.
  5534 | D:6      | Found a burning altar of Makhleb.
  5587 | D:6      | Became a worshipper of Makhleb the Destroyer
  6458 | D:7      | Reached skill level 5 in Dodging
  6679 | D:7      | Reached * piety under Makhleb
  6687 | D:7      | Slain by a gnoll
  6687 | D:7      | Lost a life (0 lives remaining)
  6701 | D:7      | Reached skill level 1 in Invocations
  7264 | D:8      | Found Qun Wiax's Antique Armour Shop.
  7341 | D:8      | Reached XP level 10. HP: 29/46 MP: 13/13
  7341 | D:8      | Gained a life (1 life remaining)
  7658 | D:8      | Reached ** piety under Makhleb
  7812 | D:8      | Found Qerph's Magic Scroll Emporium.
  7819 | D:8      | Bought a scroll of teleportation for 39 gold pieces
  7819 | D:8      | Bought a scroll of blinking for 97 gold pieces
  7819 | D:8      | Bought a scroll of poison for 52 gold pieces
  7819 | D:8      | Bought a scroll of poison for 52 gold pieces
  7819 | D:8      | Bought a scroll of fear for 52 gold pieces
  7819 | D:8      | Bought a scroll of identify for 26 gold pieces
  7819 | D:8      | Bought a scroll of blinking for 97 gold pieces
  7819 | D:8      | Bought a scroll of teleportation for 39 gold pieces
  7819 | D:8      | Bought a scroll of teleportation for 39 gold pieces
  7980 | D:9      | Identified a scroll of acquirement
  7980 | D:9      | Acquired a manual of Shapeshifting
  8017 | D:9      | Found a flagged portal.
  8050 | Bailey   | Entered a bailey
  8491 | D:9      | Found a staircase to the Orcish Mines.
  8768 | D:9      | Noticed a skeletal warrior
  8770 | D:9      | Noticed a skeletal warrior
  8781 | D:9      | Reached skill level 10 in Unarmed Combat
  8781 | D:9      | Reached XP level 11. HP: 13/54 MP: 14/14
  8948 | D:9      | Noticed a skeletal warrior
  8968 | D:9      | Killed a skeletal warrior
  8977 | D:9      | HP: 3/81 [skeletal warrior/+0 hand axe (11)]
  8980 | D:9      | Demolished by a skeletal warrior
  8980 | D:9      | Lost a life (0 lives remaining)
  8996 | D:9      | Killed a skeletal warrior
  9356 | D:9      | Found Feupeare's Armour Boutique.
  9398 | D:9      | Reached *** piety under Makhleb
  9749 | D:10     | Entered Level 10 of the Dungeon
  9850 | D:10     | Noticed Grum
  9870 | D:10     | Killed Grum
 10406 | D:10     | Noticed a two-headed ogre
 10417 | D:10     | Killed a two-headed ogre
 10674 | D:9      | Killed a skeletal warrior
 10681 | D:9      | Reached **** piety under Makhleb
 10776 | Orc:1    | Entered Level 1 of the Orcish Mines
 10776 | Orc:1    | Found Fienioh's Weapon Boutique.
 10949 | Orc:1    | Noticed a two-headed ogre
 10960 | Orc:1    | Killed a two-headed ogre
 10961 | Orc:1    | Gained mutation: Your thick and shaggy fur keeps you warm.
                  | (AC +3, rC+) [Felid growth]
 10961 | Orc:1    | Reached XP level 12. HP: 57/58 MP: 15/15
 11054 | Orc:1    | Found Vyedgh's Book Boutique.
 11126 | Orc:1    | Noticed Harold
 11136 | Orc:1    | Killed Harold
 11361 | Orc:2    | Entered Level 2 of the Orcish Mines
 11374 | Orc:2    | Reached skill level 10 in Dodging
 11547 | Orc:2    | Killed from afar by a kobold blastminer

Illustrated notes

Levels and vault maps discovered:
D:1:      lemuel_arrival_hallway, layout_basic
D:2:      layout_loops_ring, basic_altar, serial_park_tiny_1
D:3:      kennysheep_goblin_castle, layout_rooms,
          mainiacjoe_overflow_cross_hatched, serial_forest,
          infiniplex_forest_lined_ring, infiniplex_forest_lined_3,
          infiniplex_forest_straight_2, infiniplex_forest_lined_4_way,
          infiniplex_forest_straight_2, infiniplex_forest_straight_2,
          infiniplex_forest_clump_large, infiniplex_forest_zigzag_1,
          infiniplex_forest_zigzag_1, dreamdust_ecumenical_altar_grove,
          minmay_increasing_density
D:4:      layout_basic, nicolae_vehumet_radiance, nicolae_elyvilon_temple_path,
          minmay_temple_entry_glass, minmay_statues_item, uniq_duvessa
D:5:      layout_loops_corners, nicolae_overflows_in_rows,
          gammafunk_ghost_cemetery, palyth_stone_intersect, uniq_menkaure,
          uniq_eustachio, uniq_pikel, uniq_grinder
D:6:      layout_loops_corners, lemuel_coloured_pillars_altar,
          nicolae_overflow_hidden_temple, serial_shops, nicolae_shop_waterfront,
          portal_sewer_entry_b, kennysheep_generic_room_15
D:7:      nicolae_cairo_tiling, layout_loops_ring
D:8:      layout_cave_pools, serial_shops, nicolae_shop_hallway_plus, shop,
          kennysheep_generic_room_12
D:9:      layout_roguey, david_orc_3, enter_bailey_5, serial_shops,
          nicolae_shop_behind_doors, minmay_fountain_box,
          hangedman_abyss_or_decor_slice, kennysheep_pointless_box,
          minmay_liquid_box
D:10:     layout_long_grid, special_room [special_room_orc], uniq_grum
Temple:   corrupted_temple
Orc:1:    layout_caves, serial_shops, shop, shop, nicolae_orc_pool_cavern,
          uniq_harold
Orc:2:    st_orc_open, layout_diamond_mine, serial_shops,
          nicolae_shop_tiny_statue_garden, nicolae_orc_sculptors_studio,
          uniq_donald

Skill      XL: |  1  2  3  4  5  6  7  8  9 10 11 12 |
---------------+-------------------------------------+-----
Shapeshifting  | 3 4 5 6 7 8 11 12 | 12.5
Evocations     | 2 3 |  3.8
Dodging        | 3 4 5 8 9 10 | 10.2
Unarmed Combat | 4 6 8 10 12 | 12.2
Stealth        | 2 3 4 |  4.8
Fighting       | 2 4 |  4.8
Invocations    | 3 |  3.0

Action                     |  1- 3 |  4- 6 |  7- 9 | 10-12 || total
---------------------------+-------+-------+-------+-------++-------
  Melee: Unarmed           |    69 |   127 |   282 |   438 ||   916
         Bite              |    11 |    13 |    42 |    73 ||   139
         Punch             |     3 |     4 |     1 |       ||     8
  Evoke: Wand              |       |     4 |    12 |    10 ||    26
    Use: Scroll            |     6 |     5 |     2 |     9 ||    22
         Potion            |     1 |     4 |     1 |     7 ||    13
   Stab: Sleeping          |     5 |     3 |     2 |     6 ||    16
 Armour: Skin              |    24 |    53 |    61 |   122 ||   260
  Dodge: Dodged            |    39 |   107 |   217 |   461 ||   824
   Form: Flux              |       |       |     1 |       ||     1
